SKY
MIAMI MARLINS @ PORTLAND HOPS
07/14/2052
 
TOP OF THE 1ST
Miami Marlins batting - Pitching for Portland Hops : RHP Jeffrey Robinson
Pitching: RHP Jeffrey Robinson
Batting: LHB Joshua Roberts 0-0: Ball
1-0: Called Strike
1-1: SOLO HOME RUN (Flyball, 9D, EV 98.8 MPH), Distance : 401 ft
Batting: LHB Michael Clark 0-0: Called Strike
0-1: Ground out U3 (Groundball, 3L, EV 81.3 MPH)
Batting: LHB Elijah Mitchell 0-0: Ball
1-0: Called Strike
1-1: Ball
2-1: Foul Ball, location: 7LMF
2-2: Ball
3-2: Foul Ball, location: 2F
3-2: Ground out U3 (Groundball, 3L, EV 89.4 MPH)
Batting: LHB Russ Hicks 0-0: Foul Ball, location: 2RF
0-1: Ball
1-1: Ball
2-1: Foul Ball, location: 2F
2-2: Ball
3-2: Foul Ball, location: 5FF
3-2: SINGLE (Groundball, 34D, EV 94.4 MPH)
Batting: LHB David Almager 0-0: Ball
1-0: Ball
2-0: Foul Ball, location: 2F
2-1: Fielders Choice at 2nd, 6-4 (Groundball, 6, EV 91.9 MPH)
Top of the 1st over - 1 run, 2 hits, 0 errors, 1 left on base; Miami 1 - Portland 0
BOTTOM OF THE 1ST
Portland Hops batting - Pitching for Miami Marlins : LHP Casey Kramm
Pitching: LHP Casey Kramm
Batting: RHB Mason Stapleton 0-0: Ball
1-0: Ball
2-0: Ball
3-0: Base on Balls
Batting: LHB Tyler Schember 0-0: Ball
1-0: Ball
2-0: Called Strike
2-1: Ball
3-1: Base on Balls
Mason Stapleton to second
Batting: LHB Lobo Peña 0-0: Ball
1-0: Swinging Strike
1-1: Foul Ball, location: 2F
1-2: Ball
2-2: Strikes out looking
Batting: RHB Oliver Melendez 0-0: Fly out, F9 (Flyball, 9LM, EV 100.0 MPH)
Runner from 2nd tags up, SAFE at 3rd, no throw by RF
Batting: LHB Roy Popko 0-0: Swinging Strike
0-1: Called Strike
0-2: Ball
1-2: Ball
2-2: Fly out, F5 (Popup, 56, EV 70.0 MPH)
Bottom of the 1st over - 0 runs, 0 hits, 0 errors, 2 left on base; Miami 1 - Portland 0
TOP OF THE 2ND
Miami Marlins batting - Pitching for Portland Hops : RHP Jeffrey Robinson
Batting: RHB Felix Suzuki 0-0: Ball
1-0: Ball
2-0: Ball
3-0: Base on Balls
Batting: RHB Matías Iñiguez 0-0: Called Strike
0-1: SINGLE (Groundball, 3S, EV 72.5 MPH) (infield hit)
Felix Suzuki to second
Batting: RHB Victor Bautista 0-0: Ball
1-0: Foul Ball, location: 2F
1-1: SINGLE (Groundball, 4MD, EV 93.8 MPH)
Felix Suzuki to third
Matías Iñiguez to second
Runner from 3rd tries for Home, SAFE, throw by CF to home
Batting: RHB Will McBee 0-0: Called Strike
0-1: SINGLE (Line Drive, 78M, EV 92.5 MPH)
Matías Iñiguez to third
Victor Bautista to second
Batting: LHB Joshua Roberts 0-0: Called Strike
0-1: Ball
1-1: Swinging Strike
1-2: Ball
2-2: Fielders Choice at 2nd, 4-6 (Groundball, 4M, EV 80.6 MPH)
Matías Iñiguez scores
Victor Bautista to third
Batting: LHB Michael Clark 0-0: Called Strike
0-1: Foul Ball, location: 2F
0-2: Foul Ball, location: 7LDF
0-2: Strikes out swinging
Batting: LHB Elijah Mitchell 0-0: Called Strike
0-1: Fly out, F8 (Flyball, 78S, EV 85.0 MPH)
Top of the 2nd over - 2 runs, 3 hits, 0 errors, 2 left on base; Miami 3 - Portland 0
BOTTOM OF THE 2ND
Portland Hops batting - Pitching for Miami Marlins : LHP Casey Kramm
Batting: RHB Ben Schubert 0-0: Ball
1-0: Foul Ball, location: 2F
1-1: Foul Ball, location: 3FF
1-2: Strikes out looking
Batting: RHB Pete Koo 0-0: Called Strike
0-1: Foul Ball, location: 5FF
0-2: Foul Ball, location: 7LMFF
0-2: Ball
1-2: Foul Ball, location: 23F
1-2: Strikes out looking
Batting: RHB Randy Najera 0-0: Ball
1-0: Foul Ball, location: 2F
1-1: Foul Ball, location: 2F
1-2: Foul Ball, location: 2F
1-2: Ball
2-2: Strikes out swinging
Bottom of the 2nd over - 0 runs, 0 hits, 0 errors, 0 left on base; Miami 3 - Portland 0
TOP OF THE 3RD
Miami Marlins batting - Pitching for Portland Hops : RHP Jeffrey Robinson
Batting: LHB Russ Hicks 0-0: Ball
1-0: Called Strike
1-1: Swinging Strike
1-2: Ground out 1-3 (Groundball, 15S, EV 68.8 MPH)
Batting: LHB David Almager 0-0: Ball
1-0: Ball
2-0: Foul Ball, location: 3FF
2-1: Swinging Strike
2-2: Ball
3-2: Ground out 6-3 (Groundball, P, EV 84.4 MPH)
Batting: RHB Felix Suzuki 0-0: Ball
1-0: Ball
2-0: Called Strike
2-1: Foul Ball, location: 7LSFF
2-2: Ball
3-2: TRIPLE (Line Drive, 78XD, EV 105.0 MPH)
Batting: RHB Matías Iñiguez 0-0: Called Strike
0-1: Ball
1-1: Called Strike
1-2: Ball
2-2: Strikes out swinging
Top of the 3rd over - 0 runs, 1 hit, 0 errors, 1 left on base; Miami 3 - Portland 0
BOTTOM OF THE 3RD
Portland Hops batting - Pitching for Miami Marlins : LHP Casey Kramm
Batting: RHB Pancho Mejia 0-0: Ball
1-0: Called Strike
1-1: Ball
2-1: Ball
3-1: Fly out, F8 (Flyball, 8LXD, EV 100.0 MPH)
Batting: RHB Mason Stapleton 0-0: Foul Ball, location: 2F
0-1: Ball
1-1: Fly out, F9 (Flyball, 9LM, EV 85.6 MPH)
Batting: LHB Tyler Schember 0-0: Fly out, F6 (Popup, 6, EV 58.1 MPH)
Bottom of the 3rd over - 0 runs, 0 hits, 0 errors, 0 left on base; Miami 3 - Portland 0
TOP OF THE 4TH
Miami Marlins batting - Pitching for Portland Hops : RHP Jeffrey Robinson
Batting: RHB Victor Bautista 0-0: Ball
1-0: Ball
2-0: Foul Ball, location: 9LDF
2-1: Foul Ball, location: 23F
2-2: Ball
3-2: Fly out, F1 (Popup, P, EV 81.9 MPH)
Batting: RHB Will McBee 0-0: Ball
1-0: Ball
2-0: Ball
3-0: Called Strike
3-1: Foul Ball, location: 9LSF
3-2: Foul Ball, location: 2F
3-2: Strikes out swinging
Batting: LHB Joshua Roberts 0-0: Ball
1-0: SINGLE (Line Drive, 7S, EV 96.9 MPH)
Batting: LHB Michael Clark 0-0: Called Strike
0-1: Fielders Choice at 2nd, 6-4 (Groundball, 6, EV 91.3 MPH)
Top of the 4th over - 0 runs, 1 hit, 0 errors, 1 left on base; Miami 3 - Portland 0
BOTTOM OF THE 4TH
Portland Hops batting - Pitching for Miami Marlins : LHP Casey Kramm
Batting: LHB Lobo Peña 0-0: Ball
1-0: Swinging Strike
1-1: Foul Ball, location: 7LMF
1-2: Fly out, F7 (Flyball, 78D, EV 83.1 MPH)
Batting: RHB Oliver Melendez 0-0: Ball
1-0: Ball
2-0: Called Strike
2-1: Called Strike
2-2: Strikes out looking
Batting: LHB Roy Popko 0-0: Foul Ball, location: 2F
0-1: Ball
1-1: Foul Ball, location: 5F
1-2: Ball
2-2: Foul Ball, location: 3SF
2-2: SOLO HOME RUN (Flyball, 78XD, EV 106.3 MPH), Distance : 407 ft
Batting: RHB Ben Schubert 0-0: Called Strike
0-1: Foul Ball, location: 9LSF
0-2: Strikes out swinging
Bottom of the 4th over - 1 run, 1 hit, 0 errors, 0 left on base; Miami 3 - Portland 1
TOP OF THE 5TH
Miami Marlins batting - Pitching for Portland Hops : RHP Jeffrey Robinson
Batting: LHB Elijah Mitchell 0-0: Ball
1-0: Ball
2-0: Ground out 4-3 (Groundball, 4, EV 81.3 MPH)
Batting: LHB Russ Hicks 0-0: Swinging Strike
0-1: Foul Ball, location: 7LSF
0-2: Ball
1-2: Fly out, F7 (Flyball, 7, EV 88.8 MPH)
Batting: LHB David Almager 0-0: Ball
1-0: Foul Ball, location: 2F
1-1: Ball
2-1: Ball
3-1: Foul Ball, location: 7LDF
3-2: SINGLE (Groundball, 13S, EV 75.6 MPH) (infield hit)
Pitching: RHP Ugo Graham
Batting: RHB Felix Suzuki 0-0: Called Strike
0-1: SINGLE (Flyball, 78S, EV 98.8 MPH)
David Almager to second
Runner from 2nd tries for 3rd, OUT! 8-5
Top of the 5th over - 0 runs, 2 hits, 0 errors, 1 left on base; Miami 3 - Portland 1
BOTTOM OF THE 5TH
Portland Hops batting - Pitching for Miami Marlins : LHP Casey Kramm
Batting: RHB Pete Koo 0-0: Called Strike
0-1: Swinging Strike
0-2: Strikes out swinging
Batting: RHB Randy Najera 0-0: Ball
1-0: Ball
2-0: Ball
3-0: Called Strike
3-1: Fly out, F6 (Popup, P, EV 76.9 MPH)
Batting: RHB Pancho Mejia 0-0: Called Strike
0-1: Ball
1-1: Foul Ball, location: 5FF
1-2: Ground out 5-3 (Groundball, 5, EV 106.3 MPH)
Bottom of the 5th over - 0 runs, 0 hits, 0 errors, 0 left on base; Miami 3 - Portland 1
TOP OF THE 6TH
Miami Marlins batting - Pitching for Portland Hops : RHP Ugo Graham
Batting: RHB Matías Iñiguez 0-0: Foul Ball, location: 5F
0-1: Ball
1-1: Fly out, F7 (Flyball, 7LM, EV 108.1 MPH)
Batting: RHB Victor Bautista 0-0: Ground out 6-3 (Groundball, 6M, EV 83.8 MPH)
Batting: RHB Will McBee 0-0: Ball
1-0: Ball
2-0: Ball
3-0: Called Strike
3-1: Fly out, F7 (Flyball, 7, EV 99.4 MPH)
Top of the 6th over - 0 runs, 0 hits, 0 errors, 0 left on base; Miami 3 - Portland 1
BOTTOM OF THE 6TH
Portland Hops batting - Pitching for Miami Marlins : LHP Casey Kramm
Batting: RHB Mason Stapleton 0-0: Foul Ball, location: 9LSFF
0-1: Foul Ball, location: 3F
0-2: Strikes out swinging, 2-3 out at first.
Batting: LHB Tyler Schember 0-0: Called Strike
0-1: Ball
1-1: Swinging Strike
1-2: Ball
2-2: Foul Ball, location: 7LDF
2-2: Foul Ball, location: 7LMF
2-2: Ball
3-2: Foul Ball, location: 3F
3-2: Base on Balls
Pitching: RHP Max Uren
Batting: LHB Lobo Peña 0-0: Ball
1-0: Foul Ball, location: 7LSF
1-1: Ball
2-1: DOUBLE (Line Drive, 7LS, EV 100.0 MPH)
Tyler Schember to third
Runner from 3rd tries for Home, SAFE, no throw by LF
Pinch Hitting: LHB Noah Austin 0-0: SINGLE (Flyball, 7LS, EV 86.9 MPH)
Lobo Peña to third
Runner from 3rd tries for Home, SAFE, throw by LF to home
Batting: LHB Roy Popko 0-0: Ball
1-0: Ball
2-0: Fly out, F7 (Line Drive, 7LS, EV 95.6 MPH)
Batting: RHB Ben Schubert 0-0: Ball
1-0: Ball
2-0: Fielders Choice at 2nd, 5-4 (Groundball, 5, EV 90.0 MPH)
Bottom of the 6th over - 2 runs, 2 hits, 0 errors, 1 left on base; Miami 3 - Portland 3
TOP OF THE 7TH
Miami Marlins batting - Pitching for Portland Hops : RHP Ugo Graham
Now at 3B: Raymond Armstrong
Batting: LHB Joshua Roberts 0-0: Ground out 6-3 (Groundball, 6M, EV 80.0 MPH)
Batting: LHB Michael Clark 0-0: Foul Ball, location: 3F
0-1: Ball
1-1: Fly out, F9 (Flyball, 9D, EV 110.0 MPH)
Batting: LHB Elijah Mitchell 0-0: Foul Ball, location: 2F
0-1: Fly out, F9 (Flyball, 9S, EV 95.0 MPH)
Top of the 7th over - 0 runs, 0 hits, 0 errors, 0 left on base; Miami 3 - Portland 3
BOTTOM OF THE 7TH
Portland Hops batting - Pitching for Miami Marlins : RHP Max Uren
Batting: RHB Pete Koo 0-0: Called Strike
0-1: Ground out U3 (Groundball, 34S, EV 81.3 MPH)
Batting: RHB Randy Najera 0-0: Swinging Strike
0-1: Fly out, F8 (Flyball, 89D, EV 102.5 MPH)
Batting: RHB Pancho Mejia 0-0: Called Strike
0-1: Foul Ball, location: 23F
0-2: Ball
1-2: Strikes out looking
Bottom of the 7th over - 0 runs, 0 hits, 0 errors, 0 left on base; Miami 3 - Portland 3
TOP OF THE 8TH
Miami Marlins batting - Pitching for Portland Hops : RHP Ugo Graham
Batting: LHB Russ Hicks 0-0: Ball
1-0: Swinging Strike
1-1: Ball
2-1: Foul Ball, location: 2F
2-2: Ball
3-2: Fly out, F7 (Flyball, 7D, EV 95.0 MPH)
Batting: LHB David Almager 0-0: SINGLE (Flyball, 56D, EV 98.8 MPH)
Pitching: RHP Dave Nixon
Batting: RHB Felix Suzuki 0-0: Ball
1-0: Ball
2-0: Fielders Choice at 2nd, 5-4 (Groundball, 56, EV 83.8 MPH)
Batting: RHB Matías Iñiguez 0-0: Foul Ball, location: 9LMF
0-1: Ball
1-1: Foul Ball, location: 2F
1-2: Strikes out swinging
Top of the 8th over - 0 runs, 1 hit, 0 errors, 1 left on base; Miami 3 - Portland 3
BOTTOM OF THE 8TH
Portland Hops batting - Pitching for Miami Marlins : RHP Max Uren
Pinch Hitting: LHB Hiroshi Takase 0-0: Ball
1-0: Called Strike
1-1: Foul Ball, location: 23F
1-2: Strikes out swinging
Batting: LHB Tyler Schember 0-0: Ball
1-0: Ball
2-0: Foul Ball, location: 5DF
2-1: Ground out 4-3 (Groundball, 4M, EV 103.8 MPH)
Batting: LHB Lobo Peña 0-0: Ball
1-0: Foul Ball, location: 5DF
1-1: Ball
2-1: Foul Ball, location: 9LSF
2-2: Strikes out swinging
Bottom of the 8th over - 0 runs, 0 hits, 0 errors, 0 left on base; Miami 3 - Portland 3
TOP OF THE 9TH
Miami Marlins batting - Pitching for Portland Hops : RHP Dave Nixon
Now at 1B: Randy Najera
Now at 2B: Roy Popko
Now in LF: Hiroshi Takase
Batting: RHB Victor Bautista 0-0: Called Strike
0-1: Foul Ball, location: 25F
0-2: Ground out 1-3 (Groundball, 15S, EV 78.1 MPH)
Batting: RHB Will McBee 0-0: Ball
1-0: Foul Ball, location: 9LMFF
1-1: Called Strike
1-2: Foul Ball, location: 9LMF
1-2: Strikes out swinging
Batting: LHB Joshua Roberts 0-0: Ball
1-0: Ball
2-0: Swinging Strike
2-1: Ball
3-1: Fly out, F8 (Line Drive, 78M, EV 100.6 MPH)
Top of the 9th over - 0 runs, 0 hits, 0 errors, 0 left on base; Miami 3 - Portland 3
BOTTOM OF THE 9TH
Portland Hops batting - Pitching for Miami Marlins : RHP Max Uren
Pitching: RHP Kato McGuffie
Batting: LHB Raymond Armstrong 0-0: Foul Ball, location: 23FF
0-1: Foul Ball, location: 2F
0-2: SINGLE (Popup, 6D, EV 51.3 MPH)
Batting: LHB Roy Popko 0-0: Ball
1-0: Called Strike
1-1: Ball
2-1: Foul Ball, location: 7LSF
2-2: Foul Ball, location: 2F
2-2: DOUBLE (Line Drive, 8RXD, EV 108.8 MPH)
Raymond Armstrong to third
Batting: RHB Ben Schubert 0-0: Ball
1-0: Called Strike
1-1: Ball
2-1: Fly out, F8 (Flyball, 8RD, EV 87.5 MPH)
Runner from 3rd tags up, SCORES, throw by CF
Bottom of the 9th over - 1 run, 2 hits, 0 errors, 1 left on base; Miami 3 - Portland 4
Sunday, April 28th , 2024 - OOTP Baseball 24.11 Build 85